 Dungeon Crawl Stone Soup version 0.21-a0-329-g12f17e1 (webtiles) character file.

1159 tidbits the Charmwright (level 8, 0/63 HPs)
             Began as a Gnoll Skald on Oct 1, 2017.
             Was a Follower of Cheibriados.
             Slain by a slime creature (13 damage)
             ... on level 6 of the Dungeon.
             The game lasted 00:10:53 (1840 turns).

tidbits the Charmwright (Gnoll Skald)               Turns: 1840, Time: 00:10:53

Health: 0/63       AC:  5    Str: 15    XL:     8   Next: 39%
Magic:  11/17      EV: 14    Int: 20    God:    Cheibriados [*.....]
Gold:   33         SH:  0    Dex: 17    Spells: 8/19 levels left

rFire    + . .     SeeInvis .   w - +1 war axe (freeze)
rCold    . . .     Gourm    .   (no shield)
rNeg     . . .     Faith    .   B - +0 ring mail
rPois    .         Spirit   .   (no helmet)
rElec    .         Reflect  .   (no cloak)
rCorr    .         Harm     .   (no gloves)
MR       +....                  (no boots)
Stlth    ++........             (no amulet)
HPRegen  0.20/turn              o - ring of protection from fire
MPRegen  0.15/turn              L - ring of protection from magic

@: singing, very slow
A: distributed training, fangs 1, strong nose
a: Bend Time, Renounce Religion


You were on level 6 of the Dungeon.
You worshipped Cheibriados.
Cheibriados was aware of your devotion.
You were hungry.

You visited 2 branches of the dungeon, and saw 8 of its levels.

You collected 153 gold pieces.
You spent 120 gold pieces at shops.

Inventory:

Hand Weapons
 a - a +0 falchion
 w - a +1 war axe of freezing (weapon)
   (You found it on level 4 of the Dungeon)
 x - a +1 flail of draining
   (You took it off Edmund on level 4 of the Dungeon)
 F - a cursed -2 dagger
Missiles
 e - 45 bolts
 h - 64 stones (quivered)
 C - 5 javelins
 I - 30 arrows
Armour
 b - a +0 leather armour
 B - a +0 ring mail (worn)
Jewellery
 o - a ring of protection from fire (left hand)
   (You bought it in a shop on level 6 of the Dungeon)
 L - a ring of protection from magic (right hand)
   (You found it on level 6 of the Dungeon)
Wands
 K - a wand of acid (8/15)
Scrolls
 f - 4 scrolls of remove curse
 k - a scroll of brand weapon {unknown}
 l - 2 scrolls of fear {unknown}
 m - 2 scrolls of magic mapping {unknown}
 p - 2 scrolls of enchant armour {unknown}
 q - 3 scrolls of enchant weapon
 s - a scroll of blinking {unknown}
 t - 2 scrolls of noise {unknown}
 v - a scroll of recharging {unknown}
 y - a scroll of random uselessness {unknown}
 E - 2 scrolls of immolation {unknown}
 J - 4 scrolls of teleportation {unknown}
Potions
 i - 3 potions of agility
 j - 4 potions of heal wounds
 n - a potion of lignification
 r - 2 potions of resistance
 u - a potion of ambrosia
 z - a potion of berserk rage {unknown}
 A - a potion of mutation {unknown}
 D - a potion of flight {unknown}
 M - a potion of curing {unknown}
Books
 c - a book of Battle

   Spells                             Type                      Level
   a - Infusion                       Charms                       1
   b - Shroud of Golubria             Charms/Translocation         2
   c - Song of Slaying                Charms                       2
   d - Spectral Weapon                Hexes/Charms                 3
   e - Regeneration                   Charms/Necromancy            3
Comestibles
 d - 6 bread rations
 g - 2 royal jellies
 G - 3 meat rations
 H - 4 chunks of flesh


   Skills:
 + Level 5.6 Fighting
 + Level 3.1 Short Blades
 + Level 5.6 Long Blades
 + Level 3.1 Axes
 + Level 3.1 Maces & Flails
 + Level 3.1 Polearms
 + Level 3.1 Staves
 + Level 3.1 Slings
 + Level 3.1 Bows
 + Level 3.1 Crossbows
 + Level 3.1 Throwing
 + Level 4.1 Armour
 + Level 5.6 Dodging
 + Level 3.1 Stealth
   Level 0.0 Stabbing
 + Level 3.1 Shields
   Level 0.0 Traps
 + Level 3.1 Unarmed Combat
 + Level 6.0 Spellcasting
 + Level 3.1 Conjurations
 + Level 3.1 Hexes
 + Level 7.3 Charms
 + Level 3.1 Summonings
 + Level 3.1 Necromancy
 + Level 3.1 Translocations
 + Level 3.1 Transmutations
 + Level 3.1 Fire Magic
 + Level 3.1 Ice Magic
 + Level 3.1 Air Magic
 + Level 3.1 Earth Magic
 + Level 3.1 Poison Magic
 + Level 3.1 Invocations
 + Level 3.1 Evocations


You had 8 spell levels left.
You knew the following spells:

 Your Spells              Type           Power        Failure   Level  Hunger
g - Shroud of Golubria    Chrm/Tloc      ####......   3%          2    None
i - Infusion              Chrm           ####         1%          1    None
r - Regeneration          Chrm/Necr      ####......   7%          3    ##.....
w - Spectral Weapon       Hex/Chrm       ####....     7%          3    ##.....
y - Song of Slaying       Chrm           #####...     1%          2    None


Dungeon Overview and Level Annotations

Branches:
Dungeon (7/15)             Temple (1/1) D:5

Altars:
Ashenzari
Cheibriados
Fedhas
Gozag
Makhleb
Okawaru
Qazlal
Sif Muna
Trog
Zin
The Shining One

Shops:
D:6 *


Innate Abilities, Weirdness & Mutations

Your experience applies equally to all skills.
You have very sharp teeth.
Your uncanny sense of smell can sniff out nearby items.


Message History

Cheibriados appreciates the change of pace.
You open the door.
An ooze comes into view.
Found two rat skeletons, a bat skeleton and a goblin skeleton. 5 oozes, a jelly and 3 slime creatures come into view.
The ooze quivers.
Found a hobgoblin skeleton, a bat skeleton and a scroll of remove curse.
There is an open door here.
Casting: Spectral Weapon
Confirm with . or Enter, or press ? or * to list all spells.
You start singing a song of slaying.
The ooze quivers.
The jelly quivers.
The ooze quivers.
The slime creature quivers.
The ooze quivers. x2; The slime creature quivers.
The ooze quivers.
The slime creature quivers.
The ooze hits the fungus.
Casting: Song of Slaying
Confirm with . or Enter, or press ? or * to list all spells.
Your skin crawls.
Casting: Regeneration
Confirm with . or Enter, or press ? or * to list all spells.
Space distorts slightly along a thin shroud covering your body.
The ooze barely misses you.
The slime creature hits you but does no damage.
The ooze hits the fungus.
You barely miss the slime creature. You hit the ooze. You freeze the ooze.
You slash the ooze! You freeze the ooze. The ooze hits you.
The slime creature hits you!
Two slime creatures merge to form a large slime creature.
The ooze misses you.
You hit the slime creature. You freeze the slime creature.
Your bite misses the slime creature.
The slime creature is lightly wounded.
You hit the ooze but do no damage.
Your ring mail prevents you from hitting the ooze.
The ooze hits you but does no damage.
Your shroud bends the slime creature's attack away!
The ooze jiggles.
The ooze completely misses you. The ooze closely misses you.
The slime creature hits you but does no damage.
Two slime creatures merge to form a very large slime creature.
Evoke which item? (* to show all) (? for menu, Esc to quit)
Aiming: Corrosive Bolt
Press: ? - help, Shift-Dir - straight line, f - ooze
Aim: an ooze The bolt of acid hits the very large slime creature.
The very large slime creature is splashed with acid.
The very large slime creature is lightly wounded.
The bolt of acid hits the ooze.
The ooze completely resists.
This wand has 9 charges left.
The ooze barely misses you.
Your shroud bends the ooze's attack away.
Evoke which item? (* to show all) (? for menu, Esc to quit)
Aiming: Corrosive Bolt
Press: ? - help, Shift-Dir - straight line, f/p - ooze
Aim: an ooze The bolt of acid hits the very large slime creature.
The very large slime creature is splashed with acid.
The acid corrodes the very large slime creature!
The very large slime creature is lightly wounded.
The bolt of acid hits the ooze.
The ooze completely resists.
This wand has 8 charges left.
The ooze hits you. The ooze hits you but does no damage.
The very large slime creature misses you.
You slash the very large slime creature!
You freeze the very large slime creature.
The very large slime creature is moderately wounded.
You hit the ooze but do no damage. You barely miss the ooze.
Your skin is crawling a little less now.
The ooze hits you but does no damage. The ooze barely misses you.
The very large slime creature barely misses you.
Your shroud bends the ooze's attack away.
You slash the very large slime creature!
You freeze the very large slime creature.
You bite the very large slime creature.
The very large slime creature is moderately wounded.
You hit the ooze. You freeze the ooze.
You kill the ooze!
Cheibriados appreciates the change of pace.
Your Spellcasting skill increases to level 6!
You hit the ooze. You freeze the ooze. The ooze hits you but does no damage.
A very large slime creature splits.
You slash the large slime creature! You freeze the large slime creature.
The large slime creature is heavily wounded.
You slash the slime creature! You freeze the slime creature. You hit the ooze.
You freeze the ooze.
You kill the ooze!
Cheibriados thoroughly appreciates the change of pace.
The large slime creature hits you! The jelly closely misses you.
The slime creature hits you.
* * * LOW HITPOINT WARNING * * *
The large slime creature hits you!!
* * * LOW HITPOINT WARNING * * *
Your shroud falls apart!
The slime creature is no longer covered in acid.
The large slime creature is no longer covered in acid.
You slash the jelly! You freeze the jelly.
You kill the jelly!
Cheibriados thoroughly appreciates the change of pace.
Your skin stops crawling.
A large slime creature splits.
The slime creature hits you!
You die...

........#.#.##
..............
#.#.....#.#. .∩..#####
#.#.# ....# ####### ....#
##########J÷...÷#
.#..#####......##JJJ÷PPP#
....#.##.......#@#.J....#
......'........#.#J.....#
.###..'.)......#.#..÷...#
.####(')(....#'#.#.P...÷#
.##...##.....#.#.#......#
.##(#####....#.#.#P.P..P#
....# #######.##.....?#
.(.....# ### #.######


You could see 3 slime creatures and an ooze.

Vanquished Creatures
  Edmund (D:4)
  A black bear (D:7)
  A sky beast (D:6)
  An ogre (D:5)
  A centaur (D:5)
  A big kobold (D:6)
  2 bullfrogs
  A howler monkey (D:7)
  A crimson imp (D:3)
  A hound (D:5)
  A jelly (D:6)
  2 centaur skeletons (D:4)
  An orc priest (D:5)
  3 worker ants
  A killer bee zombie (D:5)
  4 adders
  3 gnolls (D:5)
  A shadow imp (D:6)
  4 oozes
  2 worms
  A dart slug (D:1)
  3 leopard geckos
  10 orcs
  2 ball pythons
  3 giant cockroaches
  7 goblins
  6 hobgoblins
  3 jackals (D:4)
  8 kobolds
  A quokka (D:3)
  4 bats
  7 frilled lizards
  5 rats
93 creatures vanquished.

Vanquished Creatures (others)
  8 toadstools (D:6)
8 creatures vanquished.

Grand Total: 101 creatures vanquished

Notes
Turn   | Place    | Note
-------+----------+-------------------------------------------
     0 | D:1      | tidbits the Gnoll Skald began the quest for the Orb.
     0 | D:1      | Reached XP level 1. HP: 20/20 MP: 6/6
    56 | D:1      | Reached XP level 2. HP: 23/26 MP: 2/7
    63 | D:1      | Learned a level 2 spell: Song of Slaying
    66 | D:1      | Learned a level 2 spell: Shroud of Golubria
   439 | D:2      | Reached XP level 3. HP: 31/31 MP: 5/9
   444 | D:2      | Learned a level 3 spell: Regeneration
   448 | D:2      | Learned a level 3 spell: Spectral Weapon
   556 | D:2      | Reached skill level 5 in Spellcasting
   763 | D:4      | Reached skill level 1 in Short Blades
   763 | D:4      | Reached skill level 1 in Axes
   763 | D:4      | Reached skill level 1 in Maces & Flails
   763 | D:4      | Reached skill level 1 in Polearms
   763 | D:4      | Reached skill level 1 in Staves
   763 | D:4      | Reached skill level 1 in Slings
   763 | D:4      | Reached skill level 1 in Bows
   763 | D:4      | Reached skill level 1 in Crossbows
   763 | D:4      | Reached skill level 1 in Throwing
   763 | D:4      | Reached skill level 1 in Stealth
   763 | D:4      | Reached skill level 1 in Shields
   763 | D:4      | Reached skill level 1 in Unarmed Combat
   763 | D:4      | Reached skill level 1 in Conjurations
   763 | D:4      | Reached skill level 1 in Hexes
   763 | D:4      | Reached skill level 1 in Summonings
   763 | D:4      | Reached skill level 1 in Necromancy
   763 | D:4      | Reached skill level 1 in Translocations
   763 | D:4      | Reached skill level 1 in Transmutations
   763 | D:4      | Reached skill level 1 in Fire Magic
   763 | D:4      | Reached skill level 1 in Ice Magic
   763 | D:4      | Reached skill level 1 in Air Magic
   763 | D:4      | Reached skill level 1 in Earth Magic
   763 | D:4      | Reached skill level 1 in Poison Magic
   763 | D:4      | Reached skill level 1 in Invocations
   763 | D:4      | Reached skill level 1 in Evocations
   763 | D:4      | Reached XP level 4. HP: 27/38 MP: 6/11
   821 | D:5      | Entered Level 5 of the Dungeon
   955 | D:3      | Reached XP level 5. HP: 35/43 MP: 9/12
   986 | D:3      | Reached skill level 3 in Armour
  1215 | D:3      | Reached XP level 6. HP: 50/50 MP: 13/13
  1294 | D:4      | Found a glowing silver altar of Zin.
  1311 | D:4      | Noticed Edmund
  1323 | D:4      | Killed Edmund
  1323 | D:4      | Reached skill level 5 in Fighting
  1323 | D:4      | Reached skill level 2 in Short Blades
  1323 | D:4      | Reached skill level 5 in Long Blades
  1323 | D:4      | Reached skill level 2 in Axes
  1323 | D:4      | Reached skill level 2 in Maces & Flails
  1323 | D:4      | Reached skill level 2 in Polearms
  1323 | D:4      | Reached skill level 2 in Staves
  1323 | D:4      | Reached skill level 2 in Slings
  1323 | D:4      | Reached skill level 2 in Bows
  1323 | D:4      | Reached skill level 2 in Crossbows
  1323 | D:4      | Reached skill level 2 in Throwing
  1323 | D:4      | Reached skill level 5 in Dodging
  1323 | D:4      | Reached skill level 2 in Stealth
  1323 | D:4      | Reached skill level 2 in Shields
  1323 | D:4      | Reached skill level 2 in Unarmed Combat
  1323 | D:4      | Reached skill level 2 in Conjurations
  1323 | D:4      | Reached skill level 2 in Hexes
  1323 | D:4      | Reached skill level 2 in Summonings
  1323 | D:4      | Reached skill level 2 in Necromancy
  1323 | D:4      | Reached skill level 2 in Translocations
  1323 | D:4      | Reached skill level 2 in Transmutations
  1323 | D:4      | Reached skill level 2 in Fire Magic
  1323 | D:4      | Reached skill level 2 in Ice Magic
  1323 | D:4      | Reached skill level 2 in Air Magic
  1323 | D:4      | Reached skill level 2 in Earth Magic
  1323 | D:4      | Reached skill level 2 in Poison Magic
  1323 | D:4      | Reached skill level 2 in Invocations
  1323 | D:4      | Reached skill level 2 in Evocations
  1333 | D:4      | Found a burning altar of Makhleb.
  1391 | D:5      | Reached XP level 7. HP: 49/56 MP: 15/15
  1438 | D:5      | Found a staircase to the Ecumenical Temple.
  1461 | Temple   | Entered the Ecumenical Temple
  1494 | Temple   | Became a worshipper of Cheibriados the Contemplative
  1545 | D:5      | Reached skill level 7 in Charms
  1579 | D:5      | Found a bloodstained altar of Trog.
  1676 | D:6      | Reached XP level 8. HP: 42/63 MP: 13/16
  1709 | D:6      | Found Eruom's Assorted Antiques.
  1724 | D:5      | Reached skill level 3 in Short Blades
  1724 | D:5      | Reached skill level 3 in Axes
  1724 | D:5      | Reached skill level 3 in Maces & Flails
  1724 | D:5      | Reached skill level 3 in Polearms
  1724 | D:5      | Reached skill level 3 in Staves
  1724 | D:5      | Reached skill level 3 in Slings
  1724 | D:5      | Reached skill level 3 in Bows
  1724 | D:5      | Reached skill level 3 in Crossbows
  1724 | D:5      | Reached skill level 3 in Throwing
  1724 | D:5      | Reached skill level 4 in Armour
  1724 | D:5      | Reached skill level 3 in Stealth
  1724 | D:5      | Reached skill level 3 in Shields
  1724 | D:5      | Reached skill level 3 in Unarmed Combat
  1724 | D:5      | Reached skill level 3 in Conjurations
  1724 | D:5      | Reached skill level 3 in Hexes
  1724 | D:5      | Reached skill level 3 in Summonings
  1724 | D:5      | Reached skill level 3 in Necromancy
  1724 | D:5      | Reached skill level 3 in Translocations
  1724 | D:5      | Reached skill level 3 in Transmutations
  1724 | D:5      | Reached skill level 3 in Fire Magic
  1724 | D:5      | Reached skill level 3 in Ice Magic
  1724 | D:5      | Reached skill level 3 in Air Magic
  1724 | D:5      | Reached skill level 3 in Earth Magic
  1724 | D:5      | Reached skill level 3 in Poison Magic
  1724 | D:5      | Reached skill level 3 in Invocations
  1724 | D:5      | Reached skill level 3 in Evocations
  1762 | D:6      | Bought a jade ring for 120 gold pieces
  1798 | D:6      | Reached * piety under Cheibriados
  1828 | D:6      | Noticed a slime creature
  1828 | D:6      | Noticed a slime creature
  1828 | D:6      | Noticed a slime creature
  1837 | D:6      | Reached skill level 6 in Spellcasting
  1840 | D:6      | Slain by a slime creature

Vault maps used:
D:1:      dpeg_arrival_short_road, minmay_tiny_reverse_x
D:2:      first_bread, serial_park_tiny_2
D:4:      nicolae_overflow_crystal_walls, nicolae_overflow_hidden_temple,
          kennysheep_generic_room_6, uniq_edmund, uniq_natasha
D:5:      nicolae_ru_path_of_blood, kennysheep_little_box, temple_pool_b
D:6:      cheibrodos_fertilizer, serial_shops, nicolae_shop_crystal, basic_altar
D:7:      marbit_many_paths
Temple:   regret_index_temple_waves

Skill      XL: |  1  2  3  4  5  6  7  8 |
---------------+-------------------------+-----
Spellcasting   | 5 6 |  6.0
Short Blades   | 1 2 3 |  3.1
Axes           | 1 2 3 |  3.1
Maces & Flails | 1 2 3 |  3.1
Polearms       | 1 2 3 |  3.1
Staves         | 1 2 3 |  3.1
Slings         | 1 2 3 |  3.1
Bows           | 1 2 3 |  3.1
Crossbows      | 1 2 3 |  3.1
Throwing       | 1 2 3 |  3.1
Stealth        | 1 2 3 |  3.1
Shields        | 1 2 3 |  3.1
Unarmed Combat | 1 2 3 |  3.1
Conjurations   | 1 2 3 |  3.1
Hexes          | 1 2 3 |  3.1
Summonings     | 1 2 3 |  3.1
Necromancy     | 1 2 3 |  3.1
Translocations | 1 2 3 |  3.1
Transmutations | 1 2 3 |  3.1
Fire Magic     | 1 2 3 |  3.1
Ice Magic      | 1 2 3 |  3.1
Air Magic      | 1 2 3 |  3.1
Earth Magic    | 1 2 3 |  3.1
Poison Magic   | 1 2 3 |  3.1
Invocations    | 1 2 3 |  3.1
Evocations     | 1 2 3 |  3.1
Armour         | 3 4 |  4.1
Fighting       | 5 |  5.6
Long Blades    | 5 |  5.6
Dodging        | 5 |  5.6
Charms         | 7 |  7.3

Action                   |  1- 3 |  4- 6 |  7- 9 || total
-------------------------+-------+-------+-------++-------
Melee: Falchion          |    42 |       |       ||    42
       Bite              |     2 |     9 |     7 ||    18
       War axe           |     4 |    84 |    63 ||   151
 Cast: Infusion          |     3 |       |       ||     3
       Song of Slaying   |     1 |     5 |     5 ||    11
       Spectral Weapon   |     1 |     1 |     5 ||     7
       Shroud of Golubri |     1 |     1 |     1 ||     3
       Regeneration      |       |     2 |     6 ||     8
Evoke: Wand              |       |       |     2 ||     2
  Use: Scroll            |       |       |     7 ||     7
       Potion            |       |       |     1 ||     1
 Stab: Distracted        |     1 |     1 |       ||     2
       Sleeping          |       |     2 |       ||     2
  Eat: Chunk             |       |     2 |     2 ||     4
Armor: Leather armour    |     4 |       |       ||     4
       Ring mail         |     8 |    23 |    25 ||    56
Dodge: Dodged            |    29 |    86 |    70 ||   185
       Rpst.: Falchion   |     2 |       |       ||     2

Table legend:
 A = Spawn XP
 B = Non-spawn XP
 C = Spawn XP percentage of total XP
 D = Spawn monster count
 E = Non-spawn monster count
 F = Spawn count percentage of total count
 G = Total turns spent on level
                    A         B        C        D         E        F      G
               +---------+---------+-------+---------+---------+-------+---------
         Total |       0 |    1657 |   0.0 |       0 |      93 |   0.0 |  1840
               +---------+---------+-------+---------+---------+-------+---------
           D:1 |       0 |      25 |   0.0 |       0 |      15 |   0.0 |   319
           D:2 |       0 |      20 |   0.0 |       0 |       9 |   0.0 |   351
           D:3 |       0 |     218 |   0.0 |       0 |      23 |   0.0 |   444
           D:4 |       0 |     338 |   0.0 |       0 |      14 |   0.0 |   250
           D:5 |       0 |     440 |   0.0 |       0 |      15 |   0.0 |   209
           D:6 |       0 |     413 |   0.0 |       0 |      14 |   0.0 |   149
           D:7 |       0 |     203 |   0.0 |       0 |       3 |   0.0 |    59
               +---------+---------+-------+---------+---------+-------+---------

Table legend:
 A = Turns spent in this place as a percentage of turns spent in the entire game.
 B = Non-inter-level travel turns spent in this place as a percentage of non-inter-level travel turns spent in the entire game.
 C = Inter-level travel turns spent in this place as a percentage of turns spent in this place.
 D = Turns resting spent in this place as a percentage of non-inter-level travel turns spent in this place.
 E = Turns spent auto-exploring this place as a percentage of non-inter-level travel turns spent in this place.
 F = Non-inter-level travel turns spent in this place divided by the number of levels of this place that you've seen.
                   A       B       C       D       E      F
               +-------+-------+-------+-------+-------+----------------------
         Total | 100.0 | 100.0 |   6.1 |   0.0 |   0.0 | 215.9
       Dungeon |  96.8 |  98.0 |   5.0 |   0.0 |   0.0 | 241.7
        Temple |   3.2 |   2.0 |  40.7 |   0.0 |   0.0 |  35.0
               +-------+-------+-------+-------+-------+----------------------

Table legend:
 A = Kills in this place as a percentage of kills in entire the game.
 B = Kills by you in this place as a percentage of kills by you in the entire game.
 C = Kills by friends in this place as a percentage of kills by friends in the entire game.
 D = Other kills in this place as a percentage of other kills in the entire game.
 E = Experience gained in this place as a percentage of experience gained in the entire game.
 F = Experience gained in this place divided by the number of levels of this place that you have seen.
                   A       B       C       D       E      F
               +-------+-------+-------+-------+-------+----------------------
         Total | 100.0 | 100.0 |   N/A |   N/A | 100.0 | 207.1
       Dungeon | 100.0 | 100.0 |   N/A |   N/A | 100.0 | 236.7
               +-------+-------+-------+-------+-------+----------------------

Vault maps used:
D:1:      dpeg_arrival_short_road, minmay_tiny_reverse_x
D:2:      first_bread, serial_park_tiny_2
D:4:      nicolae_overflow_crystal_walls, nicolae_overflow_hidden_temple,
          kennysheep_generic_room_6, uniq_edmund, uniq_natasha
D:5:      nicolae_ru_path_of_blood, kennysheep_little_box, temple_pool_b
D:6:      cheibrodos_fertilizer, serial_shops, nicolae_shop_crystal, basic_altar
D:7:      marbit_many_paths
Temple:   regret_index_temple_waves
